 Dungeon Crawl Stone Soup version 0.25-a0-458-g6fc7858b95 (webtiles) character file.

Game seed: 6391818217093763038, levelgen mode: deterministic

16337 Elellon the Thaumaturge (level 12, -1/67 HPs)
             Began as a Deep Elf Conjurer on Feb 1, 2020.
             Was an Elder of Vehumet.
             Slain by a wraith (4 damage)
             ... led by Josephine
             ... on level 11 of the Dungeon.
             The game lasted 00:30:44 (13531 turns).

Elellon the Thaumaturge (Deep Elf Conjurer)        Turns: 13531, Time: 00:30:44

Health: -1/67      AC:  8    Str:  7    XL:     12   Next: 9%
Magic:  16/32      EV: 14    Int: 24    God:    Vehumet [****..]
Gold:   865        SH:  4    Dex: 15    Spells: 20/39 levels left

rFire    + . .     SeeInvis .   M - staff of air
rCold    x . .     Gourm    .   m - +0 buckler
rNeg     . . .     Faith    .   O - +1 steam dragon scales
rPois    .         Spirit   .   (no helmet)
rElec    +         Reflect  .   G - +0 cloak
rCorr    .         Harm     .   J - +0 pair of gloves
MR       +....                  (no boots)
Stlth    ++........             (no amulet)
HPRegen  0.21/turn              w - ring of wizardry
MPRegen  0.23/turn              S - ring of fire

@: heavily drained
A: no striking features
a: Renounce Religion


You were on level 11 of the Dungeon.
You worshipped Vehumet.
Vehumet was greatly pleased with you.
You were not hungry.

You visited 2 branches of the dungeon, and saw 12 of its levels.

You collected 865 gold pieces.

Inventory:

Hand Weapons
 k - a +1 hand axe of freezing
Armour
 d - a +0 robe of fire resistance
 m - a +0 buckler (worn)
 G - a +0 cloak (worn)
 H - the +0 robe of Greed {rElec rPois rC- Int+4}
   (You found it on level 9 of the Dungeon)

   It affects your intelligence (+4).
   It makes you vulnerable to cold.
   It insulates you from electricity.
   It protects you from poison.
   If you switch to wearing this armour, your AC will fall 4 points (8 -> 4)
 J - a +0 pair of gloves (worn)
 O - +1 steam dragon scales (worn)
Magical Staves
 o - an uncursed staff of summoning
 M - an uncursed staff of air (weapon)
Jewellery
 w - a ring of wizardry (left hand)
 S - a ring of fire (right hand)
Wands
 h - a wand of scattershot (4)
 j - a wand of iceblast (8)
 p - a wand of flame (22)
 q - a wand of random effects (18)
 v - a wand of digging (6)
 x - a wand of disintegration (41)
 B - a wand of enslavement (6)
Scrolls
 a - 3 scrolls of teleportation
 e - 5 scrolls of identify
 g - 5 scrolls of remove curse
 i - 3 scrolls of magic mapping
 s - a scroll of fear
 t - a scroll of immolation {unknown}
 K - a scroll of fog
 L - a scroll of amnesia
 Q - a scroll of enchant weapon
Potions
 b - 4 potions of brilliance
 f - 5 potions of lignification
 l - 2 potions of magic
 n - a potion of flight {unknown}
 r - 4 potions of heal wounds
 u - 2 potions of haste
 z - 2 potions of resistance {unknown}
 A - a potion of mutation {unknown}
 C - 2 potions of curing
 D - a potion of invisibility {unknown}
 F - a potion of cancellation {unknown}
 N - a potion of might {unknown}
 P - a potion of agility {unknown}
 T - a potion of berserk rage {unknown}
Comestibles
 c - 20 rations
 E - 3 chunks of flesh


   Skills:
 + Level 4.4(2.3) Fighting
 + Level 7.2(4.9) Dodging
 - Level 2.4(0.4) Stealth
 - Level 4.0(1.9) Shields
 + Level 14.0(11.3) Spellcasting
 + Level 12.5(9.9) Conjurations
 + Level 1.2(0.0) Hexes
 + Level 0.9(0.0) Translocations
 * Level 8.8(6.4) Fire Magic


You had 20 spell levels left.
You knew the following spells:

 Your Spells              Type           Power        Failure   Level  Hunger
a - Magic Dart            Conj           ####         1%          1    None
b - Searing Ray           Conj           ######       1%          2    None
c - Iskenderun's Mystic   Conj/Tloc      #####...     1%          4    None
d - Static Discharge      Conj/Air       ######..     1%          3    None
e - Inner Flame           Hex/Fire       #####...     1%          3    None
f - Starburst             Conj/Fire      ######....   3%          6    #####..

Your spell library contained the following spells:

 Spells                   Type           Power        Failure   Level  Hunger
 Dazzling Flash           Conj/Hex       #####.       1%          3    None
 Fulminant Prism          Conj/Hex       #####.....   1%          4    None


Dungeon Overview and Level Annotations

Branches:
Dungeon (11/15)            Temple (1/1) D:4            Lair (0/6) D:9
    Orc (0/2) D:10

Altars:
Ashenzari
Dithmenos
Elyvilon
Fedhas
Gozag
Hepliaklqana
Kikubaaqudgha
Makhleb
Okawaru
Ru
Sif Muna
Trog
Uskayaw
Vehumet
Xom
Yredelemnul
Zin
The Shining One

Shops:
D:10 ?

Annotations:
D:11 1 runed translucent door, Josephine


Message History

The mystic blast hits the wraith but does no damage.
The wraith is heavily damaged.
A jelly comes into view.
The wraith closely misses you.
Casting: Iskenderun's Mystic Blast (safe; 1% risk of failure)
Confirm with . or Enter, or press ? or * to list all spells.
Aiming: Searing Ray (safe; 1% risk of failure)
Press: ? - help, Shift-Dir - straight line, f/p - Josephine
Aim: Josephine, wielding a +0 dagger and wearing a +2 robe (almost dead)
The searing ray hits Josephine!
Josephine is almost dead. (Press . to maintain the ray.) Josephine gestures at you while chanting.
The ghostly flame explodes!
The ghostly fireball engulfs the wraith.
The wraith completely resists.
The ghostly fireball engulfs you!!
You feel drained.
* * * LOW HITPOINT WARNING * * *
The wraith hits you.
You die...

............####'###...##>##..###
............#..>..#...###.###...#
............#.....#..####.####..#
............#.##..##.#>.._..>#...
####.....#######..##.####.+###.(.
#.....# #...##..###.###....
#.....# #...#....##A##....#
#.....# #...##....###..####
############.@.##............#
#....)..W.##.....#......#
#....).#.......[........#
######...)..#.........##.....#
#.......)...#..@......##.....#
#...........#..##.....##......
#...........#J##########......
#.......)...#.. ########
####...........# #.......


You could see Josephine, a wraith and a jelly.

Vanquished Creatures
  Snorg (D:10)
  2 two-headed ogres (D:10)
  2 unseen horrors (D:11)
  A deep elf mage (D:11)
  A cyclops (D:11)
  A manticore (D:11)
  A gargoyle (D:10)
  Maggie (D:8)
  4 trolls
  4 hippogriffs
  11 yaks
  A human (D:9)
  4 hungry ghosts
  A water moccasin (D:9)
  2 sky beasts
  An ice beast (D:7)
  15 orc warriors
  3 black bears
  8 ogres
  4 phantoms
  4 centaurs
  An eye of draining (D:9)
  6 big kobolds
  Blork the orc (D:5)
  14 bullfrogs
  6 gnoll sergeants
  7 scorpions
  6 killer bees (D:5)
  4 wights (D:10)
  4 howler monkeys
  5 crimson imps
  2 bullfrog zombies
  7 orc priests
  2 centaur skeletons
  5 hounds
  A bullfrog skeleton (D:6)
  3 jellies
  15 orc wizards
  5 worker ants
  An iguana (D:6)
  A hound skeleton (D:11)
  4 adders
  7 gnolls
  2 shadow imps (D:6)
  An ooze (D:3)
  A worm (D:5)
  4 dart slugs
  4 leopard geckos
  78 orcs
  4 ball pythons
  9 bats
  5 giant cockroaches
  7 goblins
  5 hobgoblins
  13 jackals
  8 kobolds
  4 quokkas
  6 frilled lizards
  A giant cockroach zombie (D:6)
  A jackal skeleton (D:6)
  A leopard gecko skeleton (D:7)
  2 quokka skeletons (D:5)
  9 rats
344 creatures vanquished.

Notes
Turn   | Place    | Note
-------+----------+-------------------------------------------
     0 | D:1      | Elellon the Deep Elf Conjurer began the quest for the Orb.
     0 | D:1      | Reached XP level 1. HP: 10/10 MP: 6/6
   176 | D:1      | Reached XP level 2. HP: 15/15 MP: 3/8
   553 | D:1      | Reached skill level 4 in Spellcasting
   694 | D:1      | Reached skill level 5 in Conjurations
   694 | D:1      | Reached XP level 3. HP: 19/19 MP: 8/10
   802 | D:1      | Learned a level 2 spell: Searing Ray
  1365 | D:2      | Found a burning altar of Makhleb.
  1384 | D:2      | Found a hide-covered altar of Uskayaw.
  1428 | D:2      | Found a shadowy altar of Dithmenos.
  1465 | D:2      | Found a shattered altar of Ashenzari.
  1499 | D:2      | Found an iron altar of Okawaru.
  1701 | D:2      | Found an ancient bone altar of Kikubaaqudgha.
  1737 | D:2      | Found a shimmering altar of Xom.
  1809 | D:2      | Found a shimmering blue altar of Sif Muna.
  1809 | D:2      | Found a glowing golden altar of the Shining One.
  1810 | D:2      | Found a blossoming altar of Fedhas.
  2104 | D:3      | Reached XP level 4. HP: 18/24 MP: 1/12
  2361 | D:3      | Noticed a bullfrog
  2365 | D:3      | Killed a bullfrog
  2365 | D:3      | Reached skill level 5 in Spellcasting
  2365 | D:3      | Reached XP level 5. HP: 26/28 MP: 8/14
  2915 | D:4      | Found a staircase to the Ecumenical Temple.
  2924 | Temple   | Entered the Ecumenical Temple
  2933 | Temple   | Became a worshipper of Vehumet
  3080 | D:4      | Reached skill level 6 in Spellcasting
  3329 | D:5      | Entered Level 5 of the Dungeon
  3329 | D:5      | Noticed Blork the orc
  3334 | D:5      | Killed Blork the orc
  3334 | D:5      | Reached XP level 6. HP: 32/32 MP: 9/17
  3595 | D:5      | Reached skill level 1 in Shields
  3685 | D:5      | Reached skill level 7 in Spellcasting
  3842 | D:5      | Reached XP level 7. HP: 20/36 MP: 14/19
  4247 | D:5      | Reached * piety under Vehumet
  4247 | D:5      | Offered knowledge of Freeze by Vehumet.
  4253 | D:5      | Reached skill level 8 in Spellcasting
  4758 | D:6      | Reached XP level 8. HP: 41/41 MP: 13/22
  5036 | D:6      | Found a white marble altar of Elyvilon.
  5263 | D:6      | Reached skill level 9 in Spellcasting
  5269 | D:6      | Learned a level 4 spell: Iskenderun's Mystic Blast
  5969 | D:6      | Offered knowledge of Sandblast by Vehumet.
  6128 | D:7      | Reached ** piety under Vehumet
  6132 | D:7      | Reached skill level 10 in Spellcasting
  6393 | D:7      | Reached XP level 9. HP: 23/45 MP: 18/25
  6759 | D:7      | Offered knowledge of Static Discharge by Vehumet.
  6821 | D:7      | Reached skill level 11 in Spellcasting
  6821 | D:7      | Reached skill level 10 in Conjurations
  6895 | D:7      | Found a bloodstained altar of Trog.
  6973 | D:7      | Found a sacrificial altar of Ru.
  7167 | D:7      | Learned a level 3 spell: Static Discharge
  7368 | D:8      | Reached *** piety under Vehumet
  7440 | D:8      | Noticed Maggie
  7453 | D:8      | Killed Maggie
  7574 | D:8      | Reached skill level 12 in Spellcasting
  7811 | D:8      | Found an ancient bone altar of Kikubaaqudgha.
  7914 | D:8      | Offered knowledge of Inner Flame by Vehumet.
  7919 | D:8      | Learned a level 3 spell: Inner Flame
  7939 | D:8      | Reached XP level 10. HP: 42/50 MP: 23/28
  8031 | D:8      | Reached skill level 1 in Fire Magic
  8455 | D:9      | Reached skill level 1 in Fighting
  9082 | D:9      | Reached **** piety under Vehumet
  9358 | D:9      | Reached skill level 5 in Fire Magic
  9363 | D:9      | Reached skill level 13 in Spellcasting
  9372 | D:9      | Found a blossoming altar of Fedhas.
  9480 | D:9      | Offered knowledge of Yara's Violent Unravelling by Vehumet.
  9894 | D:9      | Got a shadowed robe
  9904 | D:9      | Identified the +0 robe of Greed {rElec rPois rC- Int+4}
                  | (You found it on level 9 of the Dungeon)
  9924 | D:9      | Found a staircase to the Lair.
  9985 | D:10     | Entered Level 10 of the Dungeon
 10033 | D:10     | Noticed Snorg
 10045 | D:10     | Killed Snorg
 10045 | D:10     | Reached skill level 5 in Dodging
 10045 | D:10     | Reached XP level 11. HP: 11/59 MP: 10/30
 10411 | D:10     | Found a staircase to the Orcish Mines.
 10777 | D:10     | Noticed a two-headed ogre
 10782 | D:10     | Killed a two-headed ogre
 10872 | D:10     | Reached ***** piety under Vehumet
 10875 | D:10     | Noticed a two-headed ogre
 10884 | D:10     | Killed a two-headed ogre
 10884 | D:10     | Offered knowledge of Starburst by Vehumet.
 10892 | D:10     | Learned a level 6 spell: Starburst
 11689 | D:10     | Found Anaqyes's Magic Scroll Emporium.
 12202 | D:11     | Killed an unseen horror
 12277 | D:11     | Found a glowing silver altar of Zin.
 12277 | D:11     | Found a runed translucent door.
 12277 | D:11     | Noticed an angel
 12389 | D:11     | Killed an unseen horror
 12576 | D:11     | Noticed a deep elf mage
 12581 | D:11     | Killed a deep elf mage
 12878 | D:11     | Reached skill level 14 in Spellcasting
 12884 | D:11     | Reached XP level 12. HP: 67/67 MP: 14/32
 13010 | D:11     | Reached skill level 1 in Hexes
 13521 | D:11     | Noticed Josephine
 13531 | D:11     | HP: 3/67 [Josephine/ghostly fireball (25)]
 13531 | D:11     | Slain by a wraith

Levels and vault maps discovered:
D:1:      lemuel_arrival_funnel, layout_loops_corners, minmay_pentomino_t4
D:2:      layout_rooms, okawaru_metal_pillars_1_2,
          gammafunk_temple_overflow_claw, lemuel_doored_altar,
          grunt_temple_overflow_open, nicolae_overflow_hidden_temple,
          first_ration
D:3:      wander_river, layout_basic, serial_rivers,
          chequers_serial_rivers_micro_d, chequers_serial_rivers_room_b,
          chequers_serial_rivers_small_a, chequers_serial_rivers_small_a
D:4:      layout_rooms, minmay_temple_entry_mist, lemuel_another_geyser
D:5:      layout_loops_cross, uniq_blork_the_orc
D:6:      layout_basic, old_standard_altar
D:7:      layout_rooms, lemuel_coloured_pillars_altar, trog_ov_bears_minmay,
          enter_bailey_8
D:8:      layout_basic, basic_altar, uniq_maggie
D:9:      layout_loops_cross, lair_entry_dummy, grunt_pizzeria,
          fedhas_altar_fruit_tree
D:10:     layout_basic, kennysheep_orc_monster_closet_entryway, special_room
          [special_room_orc], serial_curves, eino_curves_01, eino_curves_01,
          eino_curves_01, eino_curves_01, serial_shops, kennysheep_little_box,
          uniq_snorg
D:11:     layout_gridville, lemuel_angel_altar, uniq_josephine
Temple:   compressed_dpeg_triangle_lava_temple

Skill      XL: |  1  2  3  4  5  6  7  8  9 10 11 12 |
---------------+-------------------------------------+-----
Spellcasting   | 4 5 6 7 8 10 12 13 14 | 14.0
Conjurations   | 5 6 7 8 9 11 12 | 12.5
Shields        | 1 2 3 4 |  4.0
Fire Magic     | 5 8 |  8.8
Dodging        | 5 7 |  7.2
Fighting       | 2 4 |  4.4
Hexes          | 1 |  1.2
Stealth        | |  2.4
Translocations | |  0.9

Action                   |  1- 3 |  4- 6 |  7- 9 | 10-12 || total
-------------------------+-------+-------+-------+-------++-------
 Cast: Magic Dart        |    83 |    48 |   133 |   140 ||   404
       Searing Ray       |     2 |    10 |    67 |   119 ||   198
       Iskenderun's Myst |       |       |       |    25 ||    25
       Static Discharge  |       |       |       |     7 ||     7
       Starburst         |       |       |       |     4 ||     4
  Use: Scroll            |       |    13 |       |     9 ||    22
       Potion            |       |       |     1 |       ||     1
  Eat: Chunk             |     3 |     6 |    12 |    17 ||    38
       Ration            |       |       |       |     1 ||     1
Armor: Robe              |     3 |     3 |     8 |       ||    14
       Steam dragon scal |       |       |     1 |    29 ||    30
Dodge: Dodged            |     6 |     8 |    29 |    65 ||   108
Block: Buckler           |       |       |    11 |    35 ||    46

Table legend:
 A = Non-vault XP
 B = Vault XP
 C = Vault XP percentage of total XP
 D = Non-vault monster count
 E = Vault monster count
 F = Vault count percentage of total count
                 A         B        C        D         E       F
            +---------+---------+-------+---------+---------+-------
      Total |   18837 |    4502 |  19.3 |     292 |      52 |  15.1
            +---------+---------+-------+---------+---------+-------
        D:1 |      53 |       1 |   1.9 |      31 |       1 |   3.1
        D:2 |      26 |       0 |   0.0 |      13 |       0 |   0.0
        D:3 |     131 |       0 |   0.0 |      15 |       0 |   0.0
        D:4 |     109 |       0 |   0.0 |       4 |       0 |   0.0
        D:5 |     783 |      99 |  11.2 |      27 |       1 |   3.6
        D:6 |    1158 |       0 |   0.0 |      33 |       0 |   0.0
        D:7 |    1589 |     250 |  13.6 |      32 |       2 |   5.9
        D:8 |    1628 |     379 |  18.9 |      31 |       1 |   3.1
        D:9 |    4196 |     196 |   4.5 |      44 |       1 |   2.2
       D:10 |    4132 |    3577 |  46.4 |      23 |      46 |  66.7
       D:11 |    5032 |       0 |   0.0 |      39 |       0 |   0.0
            +---------+---------+-------+---------+---------+-------
